BSA
KANSAS CITY KINGS @ VISTA PANTHERS
08/22/2026
 
TOP OF THE 1ST
Kansas City Kings batting - Pitching for Vista Panthers : RHP Cris Rincón
Pitching: RHP Cris Rincón
Batting: LHB Brian Boone 0-0: Ball
1-0: Ground out 4-3 (Groundball, 34)
Batting: SHB Víctor Serrano 0-0: Ball
1-0: Foul Ball, location: 2F
1-1: SINGLE (Groundball, 56)
Batting: RHB Toshimichi Kono 0-0: Called Strike
0-1: SINGLE (Flyball, 9S)
Víctor Serrano to second
Runner from 2nd tries for 3rd, SAFE, throw made to third
Batting: LHB Pablo Reyes 0-0: Ball
1-0: Ball
2-0: Ball
3-0: Base on Balls
Toshimichi Kono to second
Batting: RHB Chris Chandler 0-0: Called Strike
0-1: Foul Ball, location: 2F
0-2: Ball
1-2: Fly out, F3 (Popup, 3F)
Batting: RHB Dave Parker 0-0: Called Strike
0-1: Ball
1-1: Ball
2-1: SINGLE (Line Drive, 8LS)
Víctor Serrano scores
Toshimichi Kono to third
Pablo Reyes to second
Runner from 3rd tries for Home, SAFE, no throw or cutoff
Batting: RHB Adrian Prouse 0-0: Called Strike
0-1: Ball
1-1: Fly out, F9 (Line Drive, 9LD)
Top of the 1st over - 2 run(s), 3 hit(s), 0 error(s), 2 left on base; Kansas City 2 - Vista 0
BOTTOM OF THE 1ST
Vista Panthers batting - Pitching for Kansas City Kings : RHP Carlos Pacheco
Pitching: RHP Carlos Pacheco
Batting: LHB Francisco Marino 0-0: Foul Ball, location: 2F
0-1: Swinging Strike
0-2: Foul Ball, location: 2F
0-2: Strikes out swinging
Batting: LHB Patrick Osborne 0-0: Ball
1-0: Called Strike
1-1: Called Strike
1-2: Ball
2-2: Ground out 5-3 (Groundball, 56)
Batting: LHB Jesús González 0-0: Swinging Strike
0-1: Called Strike
0-2: Strikes out swinging
Bottom of the 1st over - 0 run(s), 0 hit(s), 0 error(s), 0 left on base; Kansas City 2 - Vista 0
TOP OF THE 2ND
Kansas City Kings batting - Pitching for Vista Panthers : RHP Cris Rincón
Batting: LHB Vic Robertson 0-0: Called Strike
0-1: Foul Ball, location: 2F
0-2: Foul Ball, location: 2F
0-2: Ball
1-2: Ground out 1-3 (Groundball, 15S)
Batting: RHB Matt Richards 0-0: Ball
1-0: Foul Ball, location: 2F
1-1: Fly out, F2 (Popup, 25F)
Batting: LHB Brian Boone 0-0: Called Strike
0-1: Ball
1-1: Ball
2-1: Called Strike
2-2: Fly out, F8 (Flyball, 8RS)
Top of the 2nd over - 0 run(s), 0 hit(s), 0 error(s), 0 left on base; Kansas City 2 - Vista 0
BOTTOM OF THE 2ND
Vista Panthers batting - Pitching for Kansas City Kings : RHP Carlos Pacheco
Batting: SHB Mark Wells 0-0: Ball
1-0: Foul Ball, location: 2F
1-1: Ball
2-1: Fly out, F7 (Flyball, 7LD)
Batting: RHB Roberto Cruz 0-0: Fly out, F7 (Flyball, 78S)
Batting: LHB Bob Cunningham 0-0: Ball
1-0: Ball
2-0: Called Strike
2-1: Ground out 6-3 (Groundball, 6)
Bottom of the 2nd over - 0 run(s), 0 hit(s), 0 error(s), 0 left on base; Kansas City 2 - Vista 0
TOP OF THE 3RD
Kansas City Kings batting - Pitching for Vista Panthers : RHP Cris Rincón
Batting: SHB Víctor Serrano 0-0: Ball
1-0: Called Strike
1-1: Foul Ball, location: 2F
1-2: Ball
2-2: Ground out U3 (Groundball, 3)
Batting: RHB Toshimichi Kono 0-0: Ball
1-0: Ball
2-0: Fly out, F8 (Flyball, 8RXD)
Batting: LHB Pablo Reyes 0-0: Ball
1-0: Ball
2-0: Called Strike
2-1: Foul Ball, location: 2F
2-2: Ground out 6-3 (Groundball, 6MS)
Top of the 3rd over - 0 run(s), 0 hit(s), 0 error(s), 0 left on base; Kansas City 2 - Vista 0
BOTTOM OF THE 3RD
Vista Panthers batting - Pitching for Kansas City Kings : RHP Carlos Pacheco
Batting: RHB Justin Burgess 0-0: Ball
1-0: Ground out 6-3 (Groundball, 6)
Batting: RHB Salvador Salas 0-0: SINGLE (Groundball, 6MD)
Batting: RHB Cisco Gatán 0-0: Called Strike
0-1: Grounds into double play, 6-4-3 (Groundball, 6)
Bottom of the 3rd over - 0 run(s), 1 hit(s), 0 error(s), 0 left on base; Kansas City 2 - Vista 0
TOP OF THE 4TH
Kansas City Kings batting - Pitching for Vista Panthers : RHP Cris Rincón
Batting: RHB Chris Chandler 0-0: Ball
1-0: Ball
2-0: Fly out, F9 (Flyball, 9M)
Batting: RHB Dave Parker 0-0: Swinging Strike
0-1: Ball
1-1: Foul Ball, location: 2F
1-2: Foul Ball, location: 2F
1-2: Ball
2-2: Foul Ball, location: 2F
2-2: Strikes out swinging
Batting: RHB Adrian Prouse 0-0: Ground out 1-3 (Groundball, 13)
Top of the 4th over - 0 run(s), 0 hit(s), 0 error(s), 0 left on base; Kansas City 2 - Vista 0
BOTTOM OF THE 4TH
Vista Panthers batting - Pitching for Kansas City Kings : RHP Carlos Pacheco
Batting: LHB Francisco Marino 0-0: Called Strike
0-1: Called Strike
0-2: Ball
1-2: Foul Ball, location: 2F
1-2: Strikes out swinging
Batting: LHB Patrick Osborne 0-0: SOLO HOME RUN (Flyball, 89XD), Distance : 418 ft
Batting: LHB Jesús González 0-0: Ball
1-0: Foul Ball, location: 2F
1-1: Ball
2-1: Ball
3-1: Base on Balls
Batting: SHB Mark Wells 0-0: Ground out 5-3 (Groundball, 5S)
Jesús González to second
Batting: RHB Roberto Cruz 0-0: Ball
1-0: Foul Ball, location: 2F
1-1: Foul Ball, location: 2F
1-2: Foul Ball, location: 2F
1-2: Foul Ball, location: 2F
1-2: Ball
2-2: Ball
3-2: Ground out 5-3 (Groundball, 56)
Bottom of the 4th over - 1 run(s), 1 hit(s), 0 error(s), 1 left on base; Kansas City 2 - Vista 1
TOP OF THE 5TH
Kansas City Kings batting - Pitching for Vista Panthers : RHP Cris Rincón
Batting: LHB Vic Robertson 0-0: Swinging Strike
0-1: Ball
1-1: SINGLE (Groundball, 56)
Batting: RHB Matt Richards 0-0: Swinging Strike
0-1: Swinging Strike
0-2: Strikes out swinging
Batting: LHB Brian Boone 0-0: Ball
1-0: Ball
2-0: Ball
3-0: Called Strike
3-1: Swinging Strike
3-2: Foul Ball, location: 2F
3-2: Strikes out looking
Batting: SHB Víctor Serrano 0-0: Ball
1-0: Ball
2-0: Foul Ball, location: 2F
2-1: SINGLE (Groundball, 6M)
Vic Robertson to second
Runner from 2nd tries for 3rd, SAFE, throw made to third
Batting: RHB Toshimichi Kono 0-0: SINGLE (Line Drive, 4MD)
Vic Robertson scores
Víctor Serrano to second
Batting: LHB Pablo Reyes 0-0: Ball
1-0: Fielders Choice at 2nd, 6-4 (Groundball, 6S)
Top of the 5th over - 1 run(s), 3 hit(s), 0 error(s), 1 left on base; Kansas City 3 - Vista 1
BOTTOM OF THE 5TH
Vista Panthers batting - Pitching for Kansas City Kings : RHP Carlos Pacheco
Now in RF: Mario Franco
Batting: LHB Bob Cunningham 0-0: Called Strike
0-1: Ball
1-1: Ball
2-1: Foul Ball, location: 2F
2-2: Foul Ball, location: 2F
2-2: Ball
3-2: Base on Balls
Batting: RHB Justin Burgess 0-0: Ball
1-0: SINGLE (Groundball, 34D)
Bob Cunningham to second
Runner from 2nd tries for 3rd, OUT!
Justin Burgess to second
Batting: RHB Salvador Salas 0-0: Ball
1-0: Called Strike
1-1: Foul Ball, location: 2F
1-2: Ball
2-2: Ground out 6-3 (Groundball, 6)
Batting: RHB Cisco Gatán 0-0: Ground out U3 (Groundball, 3)
Bottom of the 5th over - 0 run(s), 1 hit(s), 0 error(s), 1 left on base; Kansas City 3 - Vista 1
TOP OF THE 6TH
Kansas City Kings batting - Pitching for Vista Panthers : RHP Cris Rincón
Batting: RHB Chris Chandler 0-0: Ball
1-0: Ball
2-0: Called Strike
2-1: Ground out 5-3 (Groundball, 5)
Batting: RHB Dave Parker 0-0: SINGLE (Line Drive, 89M)
Batting: RHB Adrian Prouse 0-0: Ball
1-0: Swinging Strike
1-1: Ball
2-1: Swinging Strike
2-2: Strikes out swinging
Batting: LHB Vic Robertson 0-0: Called Strike
0-1: Ball
1-1: Called Strike
1-2: Ball
2-2: Fly out, F6 (Line Drive, 6)
Top of the 6th over - 0 run(s), 1 hit(s), 0 error(s), 1 left on base; Kansas City 3 - Vista 1
BOTTOM OF THE 6TH
Vista Panthers batting - Pitching for Kansas City Kings : RHP Carlos Pacheco
Batting: LHB Francisco Marino 0-0: DOUBLE (Line Drive, 8RD)
Batting: LHB Patrick Osborne 0-0: Called Strike
0-1: Called Strike
0-2: Ball
1-2: Ball
2-2: Foul Ball, location: 2F
2-2: Ground out 1-3 (Groundball, 13S)
Francisco Marino to third
Batting: LHB Jesús González 0-0: Called Strike
0-1: Ball
1-1: Fly out, F8 (Flyball, 8RM)
Runner from 3rd tags up, SCORES, no throw
Batting: SHB Mark Wells 0-0: Swinging Strike
0-1: Foul Ball, location: 2F
0-2: Strikes out swinging
Bottom of the 6th over - 1 run(s), 1 hit(s), 0 error(s), 0 left on base; Kansas City 3 - Vista 2
TOP OF THE 7TH
Kansas City Kings batting - Pitching for Vista Panthers : RHP Cris Rincón
Batting: RHB Matt Richards 0-0: Called Strike
0-1: Called Strike
0-2: Ball
1-2: Ball
2-2: Foul Ball, location: 2F
2-2: Ball
3-2: Strikes out looking
Batting: RHB Mario Franco 0-0: Called Strike
0-1: Foul Ball, location: 2F
0-2: Ground out 4-3 (Groundball, 4)
Batting: SHB Víctor Serrano 0-0: Called Strike
0-1: Ball
1-1: Foul Ball, location: 2F
1-2: Foul Ball, location: 2F
1-2: Ball
2-2: Ball
3-2: Foul Ball, location: 2F
3-2: TRIPLE (Line Drive, 4MD)
Batting: RHB Toshimichi Kono 0-0: Ball
1-0: Called Strike
1-1: SINGLE (Groundball, 4M)
Víctor Serrano scores
Pitching: LHP Mario Tobías
Batting: LHB Pablo Reyes 0-0: Ball
1-0: Swinging Strike
1-1: Foul Ball, location: 2F
1-2: Ball
2-2: Ball
3-2: Strikes out swinging
Top of the 7th over - 1 run(s), 2 hit(s), 0 error(s), 1 left on base; Kansas City 4 - Vista 2
BOTTOM OF THE 7TH
Vista Panthers batting - Pitching for Kansas City Kings : RHP Carlos Pacheco
Batting: RHB Roberto Cruz 0-0: Called Strike
0-1: Called Strike
0-2: Ground out 6-3 (Groundball, 6)
Batting: LHB Bob Cunningham 0-0: Ball
1-0: Ball
2-0: Ball
3-0: Base on Balls
Batting: RHB Justin Burgess 0-0: Called Strike
0-1: Fly out, F8 (Flyball, 8LM)
Batting: RHB Salvador Salas 0-0: Ball
1-0: Foul Ball, location: 2F
1-1: Ball
2-1: Fielders Choice at 2nd, 5-4 (Groundball, 56)
Bottom of the 7th over - 0 run(s), 0 hit(s), 0 error(s), 0 left on base; Kansas City 4 - Vista 2
TOP OF THE 8TH
Kansas City Kings batting - Pitching for Vista Panthers : LHP Mario Tobías
Batting: RHB Chris Chandler 0-0: Ball
1-0: Foul Ball, location: 2F
1-1: Called Strike
1-2: Foul Ball, location: 2F
1-2: Fly out, F8 (Flyball, 8LS)
Batting: RHB Dave Parker 0-0: Foul Ball, location: 2F
0-1: Foul Ball, location: 2F
0-2: Strikes out swinging
Batting: RHB Adrian Prouse 0-0: Ball
1-0: DOUBLE (Flyball, 78D)
Batting: LHB Vic Robertson 0-0: Ball
1-0: Called Strike
1-1: Called Strike
1-2: Strikes out swinging
Top of the 8th over - 0 run(s), 1 hit(s), 0 error(s), 1 left on base; Kansas City 4 - Vista 2
BOTTOM OF THE 8TH
Vista Panthers batting - Pitching for Kansas City Kings : RHP Carlos Pacheco
Batting: RHB Cisco Gatán 0-0: Called Strike
0-1: Ball
1-1: Foul Ball, location: 2F
1-2: Foul Ball, location: 2F
1-2: Foul Ball, location: 2F
1-2: Ground out 5-3 (Groundball, 56)
Batting: LHB Francisco Marino 0-0: Ball
1-0: Ground out 4-3 (Groundball, 4)
Batting: LHB Patrick Osborne 0-0: Ball
1-0: Ball
2-0: Called Strike
2-1: Foul Ball, location: 2F
2-2: Ball
3-2: Foul Ball, location: 2F
3-2: Foul Ball, location: 2F
3-2: Ground out 6-3 (Groundball, 6)
Bottom of the 8th over - 0 run(s), 0 hit(s), 0 error(s), 0 left on base; Kansas City 4 - Vista 2
TOP OF THE 9TH
Kansas City Kings batting - Pitching for Vista Panthers : LHP Mario Tobías
Pitching: RHP António López
Batting: RHB Matt Richards 0-0: Called Strike
0-1: Foul Ball, location: 2F
0-2: Ball
1-2: Strikes out looking
Batting: RHB Mario Franco 0-0: Called Strike
0-1: Ball
1-1: Called Strike
1-2: Strikes out swinging
Batting: SHB Víctor Serrano 0-0: Foul Ball, location: 2F
0-1: Ball
1-1: Swinging Strike
1-2: Ball
2-2: Ball
3-2: Strikes out swinging
Top of the 9th over - 0 run(s), 0 hit(s), 0 error(s), 0 left on base; Kansas City 4 - Vista 2
BOTTOM OF THE 9TH
Vista Panthers batting - Pitching for Kansas City Kings : RHP Carlos Pacheco
Pitching: RHP Alonso Jiménez
Batting: LHB Jesús González 0-0: Called Strike
0-1: Ball
1-1: Ball
2-1: Swinging Strike
2-2: Strikes out swinging
Batting: SHB Mark Wells 0-0: Ball
1-0: Foul Ball, location: 2F
1-1: Foul Ball, location: 2F
1-2: Ball
2-2: Fly out, F9 (Flyball, 9D)
Batting: RHB Roberto Cruz 0-0: Ball
1-0: Swinging Strike
1-1: Foul Ball, location: 2F
1-2: Foul Ball, location: 2F
1-2: Ball
2-2: Foul Ball, location: 2F
2-2: Ball
3-2: Ground out 6-3 (Groundball, 6)
Bottom of the 9th over - 0 run(s), 0 hit(s), 0 error(s), 0 left on base; Kansas City 4 - Vista 2
Monday, December 5th, 2016 - OOTP Baseball 17.12 Build 75